 Dungeon Crawl Stone Soup version 0.30-a0-55-g90e3122c3a (webtiles) character file.

Game seed: 13414376850660131788

7705 Newt the Cleaver (level 11, -15/77 (81) HPs)
             Began as a Demonspawn Gladiator on Sept 9, 2022.
             Was a Priest of Kikubaaqudgha.
             Killed from afar by Josephine (27 damage)
             ... with a ghostly fireball
             ... on level 10 of the Dungeon.
             The game lasted 00:13:11 (10229 turns).

Newt the Cleaver (Demonspawn Gladiator)            Turns: 10229, Time: 00:13:11

HP:   -15/77 (81)   AC:  7    Str: 22    XL:     11   Next: 0%
MP:   0/17          EV: 13    Int:  8    God:    Kikubaaqudgha [***...]
Gold: 523           SH:  0    Dex: 17    Spells: 14/18 levels left

rFire   . . .      SeeInvis .    w - +3 war axe (vorpal)
rCold   . . .      Faith    .    (no shield)
rNeg    . . .      Spirit   +    r - +0 troll leather armour {Pargi}
rPois   .          Reflect  .    (helmet restricted)
rElec   .          Harm     .    (no cloak)
rCorr   .          Rampage  .    (no gloves)
Will    .....      Clarity  +    (no boots)
Stlth   ++........               t - amulet of guardian spirit
HPRegen 1.02/turn                (no ring)
MPRegen 0.15/turn                (no ring)

@: animating dead, slowed, lightly drained, very slow
A: horns 1, icy blue scales 2, foul stench 2, spiny 1, hooves 1, agile 1,
clarity, sense surroundings 1, strong 1
a: Renounce Religion, Unearth Wretches


You were on level 10 of the Dungeon.
You worshipped Kikubaaqudgha.
Kikubaaqudgha was most pleased with you.
You visited 1 branch of the dungeon, and saw 10 of its levels.
You also visited: Sewer.

You collected 523 gold pieces.

Inventory:

Hand Weapons
 a - a +0 rapier
 w - a +3 vorpal war axe (weapon)
 L - a +5 battleaxe
Missiles
 d - 2 throwing nets (quivered)
 e - a javelin
 o - 36 poisoned darts
 C - a curare-tipped dart
Armour
 b - a +0 leather armour
 c - a +1 helmet
 k - an orb of guile
 p - a +0 scale mail
 r - a +0 troll leather armour (worn) {Pargi}
Jewellery
 t - an amulet of guardian spirit (around neck)
 G - an amulet of the acrobat
 K - a ring of fire
Wands
 l - a wand of mindburst (17)
 A - a wand of flame (8)
 J - a wand of roots (5)
 M - a wand of quicksilver (7)
Scrolls
 h - a scroll of teleportation
 n - a scroll of noise
 y - a scroll of enchant armour
 z - a scroll of identify
 B - 2 scrolls of magic mapping
 E - a scroll of silence
 F - a scroll of amnesia
 H - a scroll of torment
 P - 2 scrolls of poison
Potions
 f - a potion of cancellation
 g - 4 potions of might
 j - 2 potions of degeneration
 m - a potion of haste
 q - a potion of resistance
 s - a potion of mutation
 u - a potion of berserk rage
 v - a potion of lignification
 x - 2 potions of attraction
 I - a potion of ambrosia {unknown}
 N - a potion of flight
 O - 2 potions of curing
Miscellaneous
 D - a piece from Xom's chessboard (15/15)


   Skills:
 - Level 6.0 Fighting
 - Level 4.0 Short Blades
 - Level 9.3(10.0) Axes
 - Level 5.2(7.9) Maces & Flails
 - Level 4.0 Throwing
 - Level 4.0 Dodging
 - Level 2.0 Stealth
 - Level 4.0 Spellcasting
 - Level 7.0 Necromancy
 + Level 3.3 Evocations


You had 14 spell levels left.
You knew the following spells:

 Your Spells              Type           Power      Damage    Failure   Level
a - Animate Dead          Necr           12%        N/A       19%         4

Your spell library contained the following spells:

 Spells                   Type           Power      Damage    Failure   Level
 Necrotise                Necr           48%        1d6       1%          1
 Sublimation of Blood     Necr           12%        N/A       2%          2
 Vampiric Draining        Necr           12%        2d6       5%          3
 Dispel Undead            Necr           12%        3d9       19%         4
 Conjure Flame            Conj/Fire      1%         6-21      69%         3
 Ignite Poison            Fire/Tmut/Pois 1%         N/A       69%         3
 Portal Projectile        Hex/Tloc       2%         N/A       69%         3
 Tukima's Dance           Hex            1%         N/A       69%         3
 Corpse Rot               Necr/Pois/Air  5%         N/A       78%         4
 Borgnjor's Vile Clutch   Necr/Erth      3%         N/A       91%         5
 Death Channel            Necr           6%         N/A       96%         6
 Sticky Flame             Conj/Fire      1%         2d3       97%         4
 Blade Hands              Tmut           0%         N/A       100%        5
 Simulacrum               Ice/Necr       3%         N/A       100%        6


Dungeon Overview and Level Annotations

Branches:
Dungeon (10/15)            Temple (0/1) D:6           Sewer (visited)
   Lair: D:8-11         Orc: D:9-12

Altars:
Ashenzari
Gozag
Kikubaaqudgha
Sif Muna
Vehumet

Shops:
D:1 (   D:4 (

Annotations:
D:10 Josephine


Innate Abilities, Weirdness & Mutations

You have a pair of small horns on your head.
You are mostly covered in icy blue scales. (AC +3)
You sometimes emit foul miasma when damaged in melee.
You are partially covered in sharp spines.
You have large cloven feet.
You are agile. (Dex +4, Str/Int -1)
You possess an exceptional clarity of mind.
You passively map a small area around you.
Your muscles are strong. (Str +4, Int/Dex -1)


Message History

A pair of horns grows on your head!
Your +1 helmet falls away!
Aiming: Mindburst
Press: ? - help, Q - select action, (/) - cycle Shift-Dir - straight line, f - Josephine
Aim: Josephine, wielding a +0 dagger and wearing a +2 robe of willpower (moderately wounded, ally target, chance to affect: 14%)
Okay, then.
Read: scroll of summoning
Press: ? - help, Q - select action, (/) - cycle Dir - look around, f - activate
As you read the scroll of summoning, it crumbles to dust.
Wisps of shadow whirl around you... The gnoll sergeant barely misses you.
The wraith hits you!
* * * LOW HITPOINT WARNING * * *
The gnoll hits you from afar with a +0 spear.
* * * LOW HITPOINT WARNING * * *
The gnoll barely misses you. Josephine hits you with a +0 dagger.
* * * LOW HITPOINT WARNING * * *
You emit a cloud of foul miasma!
The wraith hits you but does no damage.
Your gnoll zombie closely misses Josephine.
Josephine attacks as you move away! Josephine is struck by your spines.
Josephine hits you with a +0 dagger.
* * * LOW HITPOINT WARNING * * *
Josephine is engulfed in dark miasma.
Josephine is poisoned.
The gnoll hits your gnoll zombie with a +0 spear.
The wraith hits you but does no damage.
The gnoll hits your gnoll zombie with a +0 halberd!
Your gnoll zombie hits the gnoll sergeant but does no damage.
Your acid dragon spits acid at Josephine.
The splash of acid hits Josephine!!
The acid corrodes Josephine!
Your yak barely misses the wraith.
Your yak gores the wraith.
The wraith is struck by your spines. The wraith barely misses you.
The gnoll hits your gnoll zombie with a +0 halberd!
Your gnoll zombie is destroyed!
The wraith hits your yak but does no damage.
Josephine casts a spell at your acid dragon.
The ghostly flame explodes!
The ghostly fireball engulfs your acid dragon!!
Your acid dragon is drained!
The ghostly fireball engulfs you!!
You feel drained.
You die...
Kikubaaqudgha rasps: "You have failed me!
Welcome... death!"

* ##..........# ,
#...........# ,
.......<....# , *
##..........# ,
#..........# ,
#.....YY...#
,.######..Y###
.......YWY##
......D@W..#
......>@.#.#
........ยง#W#**
#......ggg.W...#
,
##.............#
,
##..............#
,
#..............#
,
,###............#
* #.(..........#


You could see Josephine (distracted, poisoned, corroded, ally target), 2
wraiths, a gnoll sergeant, 2 gnolls, 5 friendly yaks and a friendly acid dragon
(summoned, drained).

Vanquished Creatures
  2 two-headed ogres
  The ghost of Daxter95 the Basher, a novice MiBe of Trog (D:7)
  Psyche (D:9)
  A kobold demonologist (D:9)
  A troll (D:9)
  Grinder (D:3)
  A hornet (D:8)
  A wyvern (D:9)
  5 yaks (D:9)
  A wraith (D:10)
  2 water moccasins
  Pargi (Sewer)
  4 sky beasts
  6 ice beasts
  An orc warrior (D:8)
  2 black bears (D:6)
  An ogre (D:4)
  3 centaurs
  A phantom (D:5)
  5 kobold brigands
  2 scorpions (D:4)
  A necrophage (D:8)
  7 wights (D:8)
  4 killer bees (D:8)
  4 howler monkeys
  A hound (D:7)
  A gnoll bouda (D:7)
  7 orc priests
  An iguana (D:7)
  5 orc wizards
  Terence (D:3)
  A centaur simulacrum (D:7)
  A killer bee simulacrum (D:7)
  9 gnolls
  10 adders
  2 river rats (D:6)
  A shadow imp (D:7)
  A howler monkey simulacrum (D:7)
  4 white imps
  A worm (D:5)
  2 dart slugs
  12 orcs
  7 bats
  5 endoplasms
  4 giant cockroaches
  4 goblins
  4 hobgoblins
  7 jackals (D:1)
  A quokka (D:4)
  6 ball pythons
  3 frilled lizards
  18 kobolds
  14 rats
192 creatures vanquished.

Vanquished Creatures (others)
  A centaur zombie (D:9)
  2 gnoll zombies (D:10)
3 creatures vanquished.

Grand Total: 195 creatures vanquished

Notes
Turn   | Place    | Note
-------+----------+-------------------------------------------
     0 | D:1      | Newt the Demonspawn Gladiator began the quest for the Orb.
     0 | D:1      | Reached XP level 1. HP: 16/16 MP: 1/1
    57 | D:1      | Reached skill level 1 in Stealth
   149 | D:1      | Gained mutation: You are partially covered in icy blue
                  | scales. (AC +2) [demonic ancestry]
   149 | D:1      | Reached XP level 2. HP: 19/22 MP: 2/2
   182 | D:1      | Found Yblul's Weapon Emporium.
   552 | D:1      | Gained mutation: You are mostly covered in icy blue scales.
                  | (AC +3) [demonic ancestry]
   552 | D:1      | Reached XP level 3. HP: 13/28 MP: 3/3
   934 | D:1      | Found a faded altar of an unknown god.
  1509 | D:2      | Found a broken altar of Ashenzari.
  1708 | D:2      | Reached XP level 4. HP: 32/37 MP: 4/4
  2168 | D:3      | Noticed Grinder
  2180 | D:3      | Paralysed by Grinder for 2 turns
  2189 | D:3      | Killed Grinder
  2190 | D:3      | Gained mutation: You are partially covered in sharp spines.
                  | [demonic ancestry]
  2190 | D:3      | Reached XP level 5. HP: 3/42 MP: 5/5
  2190 | D:3      | Reached XP level 6. HP: 4/48 MP: 6/6
  3583 | D:3      | Noticed Terence
  3596 | D:3      | Killed Terence
  3822 | D:4      | Found Zonasa's Weapon Boutique.
  4303 | D:4      | Gained mutation: You may rarely emit foul miasma when
                  | damaged in melee. [demonic ancestry]
  4303 | D:4      | Reached XP level 7. HP: 16/54 MP: 7/7
  4729 | D:4      | Reached skill level 1 in Maces & Flails
  5075 | D:5      | Entered Level 5 of the Dungeon
  5884 | D:5      | Found an ancient bone altar of Kikubaaqudgha.
  5891 | D:5      | Found a shimmering blue altar of Sif Muna.
  5902 | D:5      | Became a worshipper of Kikubaaqudgha
  5990 | D:6      | Gained mutation: You possess an exceptional clarity of
                  | mind. [potion of mutation]
  5990 | D:6      | Gained mutation: You passively map a small area around you.
                  | [potion of mutation]
  5990 | D:6      | Gained mutation: You have hidden genetic potential. [potion
                  | of mutation]
  5990 | D:6      | Gained mutation: You have large cloven feet. [potion of
                  | mutation]
  6058 | D:6      | Found a staircase to the Ecumenical Temple.
  6105 | D:6      | Reached skill level 5 in Maces & Flails
  6105 | D:6      | Reached XP level 8. HP: 41/60 MP: 8/8
  6126 | D:6      | Found a glowing drain.
  6131 | Sewer    | Entered a sewer
  6290 | Sewer    | Noticed Pargi
  6296 | Sewer    | Killed Pargi
  6297 | Sewer    | Reached skill level 2 in Axes
  6495 | D:6      | Reached * piety under Kikubaaqudgha
  6495 | D:6      | Received a gift from Kikubaaqudgha
  7245 | D:7      | Reached skill level 3 in Axes
  7266 | D:7      | Gained mutation: Your muscles are strong. (Str +4, Int/Dex
                  | -1) [hidden potential]
  7277 | D:7      | Reached skill level 4 in Axes
  7310 | D:7      | Reached skill level 5 in Axes
  7420 | D:7      | Found a runed translucent gate.
  7420 | D:7      | Found a runed translucent gate.
  7420 | D:7      | Found a runed translucent gate.
  7523 | D:7      | Noticed Daxter95's ghost (novice MiBe)
  7557 | D:7      | Reached skill level 6 in Axes
  7611 | D:7      | Reached XP level 9. HP: 65/65 MP: 9/9
  7859 | D:7      | Reached skill level 5 in Fighting
  8161 | D:7      | Killed Daxter95's ghost
  8163 | D:7      | Reached skill level 7 in Axes
  8172 | D:7      | Gained mutation: You are agile. (Dex +4, Str/Int -1)
                  | [hidden potential]
  8172 | D:7      | Lost mutation: You have hidden genetic potential. [hidden
                  | potential expressed]
  8258 | D:8      | Reached ** piety under Kikubaaqudgha
  8259 | D:8      | Reached skill level 8 in Axes
  8331 | D:8      | Noticed a two-headed ogre
  8353 | D:8      | HP: 2/66 [two-headed ogre/+0 giant club (20)]
  8697 | D:8      | Killed a two-headed ogre
  8698 | D:8      | Reached skill level 9 in Axes
  8698 | D:8      | Reached skill level 1 in Necromancy
  8698 | D:8      | Gained mutation: You sometimes emit foul miasma when
                  | damaged in melee. [demonic ancestry]
  8698 | D:8      | Reached XP level 10. HP: 38/76 MP: 10/10
  8754 | D:8      | Paralysed by a hornet for 1 turns
  8891 | D:8      | Found a broken altar of Ashenzari.
  9119 | D:9      | Noticed Psyche
  9124 | D:9      | Killed Psyche
  9248 | D:9      | Reached skill level 5 in Necromancy
  9569 | D:9      | Reached skill level 1 in Spellcasting
  9575 | D:9      | Learned a level 4 spell: Animate Dead
  9818 | D:9      | Noticed a two-headed ogre
  9824 | D:9      | Reached *** piety under Kikubaaqudgha
  9824 | D:9      | Received a gift from Kikubaaqudgha
  9829 | D:9      | Killed a two-headed ogre
 10138 | D:9      | Found an opulent altar of Gozag.
 10141 | D:9      | Found a radiant altar of Vehumet.
 10204 | D:10     | Entered Level 10 of the Dungeon
 10212 | D:10     | Noticed Josephine
 10228 | D:10     | Gained mutation: You have a pair of small horns on your
                  | head. [demonic ancestry]
 10228 | D:10     | Reached XP level 11. HP: 26/81 MP: 4/17
 10229 | D:10     | Killed from afar by Josephine

Illustrated notes

Levels and vault maps discovered:
D:1:      giann_wishing_wells, layout_basic, serial_shops, nicolae_shop_stone,
          nicolae_ecumenical_snake_handling, minmay_pentomino_s2
D:2:      layout_loops_ring, basic_altar
D:3:      layout_basic, uniq_terence, uniq_grinder
D:4:      layout_gridville, serial_shops, nicolae_shop_bloodbath_and_beyond
D:5:      layout_loops_ring, amethyst_overflow_temple_binary, moated_statue
D:6:      layout_loops_corners, minmay_temple_entry_waves, portal_sewer_entry_e
D:7:      layout_basic, gammafunk_ghost_icy
D:8:      layout_basic, ashenzari_altar_1
D:9:      layout_roguey, minitemple, minmay_puff, uniq_psyche
D:10:     layout_rooms, nicolae_dithmenos_through_a_glass_darkly,
          dpeg_oklobed_lair, uniq_josephine

Skill      XL: |  1  2  3  4  5  6  7  8  9 10 |
---------------+-------------------------------+-----
Stealth        | 1 2 |  2.0
Fighting       | 3 4 6 |  6.0
Throwing       | 4 |  4.0
Short Blades   | 3 4 |  4.0
Dodging        | 4 |  4.0
Maces & Flails | 5 |  5.2
Axes           | 6 9 |  9.3
Necromancy     | 1 7 |  7.0
Spellcasting   | 4 |  4.0
Evocations     | 3 |  3.3

Action                   |  1- 3 |  4- 6 |  7- 9 | 10-12 || total
-------------------------+-------+-------+-------+-------++-------
Melee: Rapier            |   118 |    86 |    53 |       ||   257
       Punch             |     1 |     3 |     4 |     3 ||    11
       War axe           |       |       |   159 |    92 ||   251
       Kick              |       |       |    37 |    28 ||    65
Throw: Throwing net      |       |     6 |     1 |       ||     7
       Dart              |       |     2 |     2 |       ||     4
       Javelin           |       |     2 |     1 |       ||     3
 Cast: Animate Dead      |       |       |       |     2 ||     2
  Use: Potion            |     2 |     2 |     4 |     1 ||     9
       Scroll            |     1 |     1 |    19 |     2 ||    23
 Stab: Sleeping          |     5 |     4 |     4 |       ||    13
       Held in net/web   |       |     2 |     2 |       ||     4
       Distracted        |       |       |     1 |     1 ||     2
Armor: Leather armour    |    45 |    15 |    57 |       ||   117
       Troll leather arm |       |       |    37 |    41 ||    78
Dodge: Dodged            |    80 |    26 |   149 |    58 ||   313

Table legend: (Time is in decaauts)
 A = Elapsed time spent in this place.
 B = Non-inter-level travel time spent in this place.
 C = Inter-level travel time spent in this place.
 D = Time resting spent in this place.
 E = Time spent auto-exploring this place.
 F = Levels seen in this place.
 G = Mean time per level.
                   A        B        C        D        E       F      G
               +--------+--------+--------+--------+--------+-----+--------+
         Total |  10253 |   9867 |    386 |   2872 |   5507 |  11 |  932.1 |
       Dungeon |   9914 |   9528 |    386 |   2739 |   5375 |  10 |  991.4 |
         Sewer |    338 |    338 |      0 |    133 |    132 |   1 |  338.0 |
               +--------+--------+--------+--------+--------+-----+--------+

Top non-repeatable levels by time:
     D:3: 1671 daAuts
     D:4: 1257 daAuts
     D:7: 1250 daAuts
     D:1: 1159 daAuts
     D:9: 1084 daAuts
     D:2: 975 daAuts
     D:6: 897 daAuts
     D:5: 895 daAuts
     D:8: 697 daAuts
   Sewer: 338 daAuts
    D:10: 26 daAuts
